 Dungeon Crawl Stone Soup version 0.31-a0-185-g9dded2c639 (webtiles) character file.

Game seed: 11213459709210800214

851 qw the Skirmisher (level 7, -4/40 HPs)
             Began as a Deep Elf Hunter on June 22, 2023.
             Killed by nerve-wracking pain
             ... invoked by a shadow imp
              (13 damage)
             ... on level 5 of the Dungeon.
             The game lasted 00:03:05 (4224 turns).

qw the Skirmisher (Deep Elf Hunter)                 Turns: 4224, Time: 00:03:06

Health: -4/40      AC: 13    Str: 10    XL:     7   Next: 69%
Magic:  9/9        EV: 14    Int: 14    God:
Gold:   199        SH:  0    Dex: 18    Spells: 6/6 levels left

rFire   . . .        Y - +0 shortbow
rCold   . . .        (shield currently unavailable)
rNeg    . . .        l - +0 scale mail
rPois   .            (no helmet)
rElec   .            (no cloak)
rCorr   .            k - +1 pair of gloves
SInv    .            d - +0 pair of boots
Will    .....        q - amulet of faith
Stlth   +            h - +5 ring of evasion
HPRegen 0.26/turn    n - +4 ring of protection
MPRegen 0.11/turn

%: faith
@: lethally poisoned (-4 -> -7), about to teleport
A: no striking features
a: no special abilities


You were on level 5 of the Dungeon.
You visited 1 branch of the dungeon, and saw 5 of its levels.
You also visited: Sewer.

You collected 199 gold pieces.


   Skills:
 - Level 2.0 Fighting
 - Level 12.1 Ranged Weapons
 - Level 1.0 Armour
 + Level 2.4 Dodging
 - Level 1.2 Stealth


You had 6 spell levels left.
You didn't know any spells.
Your spell library was empty.

Inventory:

Hand Weapons
 Y - a +0 shortbow (weapon)
Armour
 d - a +0 pair of boots (worn)
 k - a +1 pair of gloves (worn)
 l - a +0 scale mail (worn)
Jewellery
 c - an amulet of regeneration
 h - a +5 ring of evasion (left hand)
 n - a +4 ring of protection (right hand)
 q - an amulet of faith (around neck)
Scrolls
 a - 3 scrolls of teleportation
 e - a scroll of identify
 r - a scroll of poison {unknown}
Potions
 b - a potion of might {unknown}
 f - 3 potions of heal wounds
 g - a potion of mutation {unknown}
 i - a potion of enlightenment
 j - 2 potions of curing
 m - a potion of cancellation {unknown}
 o - a potion of haste {unknown}
 p - a potion of resistance {unknown}

Dungeon Overview and Level Annotations

Branches:
Dungeon (5/15)              Sewer (visited)
 Temple: D:4-7

Altars:
Dithmenos

Annotations:
D:3 1 runed translucent door, qw's ghost, amateur GrFi


Message History

The water moccasin bites you.
You shoot an arrow.
The arrow barely misses the water moccasin.
The water moccasin bites you but does no damage. x2
The shadow imp barely misses you.
You shoot an arrow. The arrow hits the water moccasin!
The water moccasin is severely wounded.
The water moccasin closely misses you.
The shadow imp hits you but does no damage.
You shoot an arrow. The arrow hits the water moccasin!
The water moccasin is almost dead.
The water moccasin completely misses you.
The water moccasin bites you. The shadow imp closely misses you.
You shoot an arrow. The arrow hits the water moccasin.
The water moccasin is almost dead.
The water moccasin bites you but does no damage.
The shadow imp hits you but does no damage.
The water moccasin bites you.
You are poisoned.
The water moccasin poisons you!
You shoot an arrow. The arrow hits the water moccasin!
You kill the water moccasin!
You feel very sick. The shadow imp gestures at you.
Pain shoots through your body!
You feel your dexterity returning.
Your Ranged Weapons skill increases to level 12!
You shoot an arrow.
The arrow closely misses the shadow imp.
You feel sick. The shadow imp barely misses you.
You shoot an arrow. The arrow hits the shadow imp.
The shadow imp is lightly wounded.
You feel sick. The shadow imp closely misses you.
4224 ||| READING 4 scrolls of teleportation.
As you read the scroll of teleportation, it crumbles to dust.
You feel strangely unstable.
You feel sick. The shadow imp gestures at you. Pain shoots through your body!
You die...

#.#.....# #.....##.
#.#.##..###..##....
#...###..#..###.#..
###..##.....##....#
#######.................#
.........##.........##...
........####..._...####.#
.....)...##.........# ..#
#+#####.@5..............#
###%.##.....##....)
#.###..#..# #..## ..#
..###.. ... ....... .. ..
#.### #. 5. ##


You could see a shadow imp.

Vanquished Creatures
  Sigmund (D:3)
  A water moccasin (D:5)
  2 bullfrogs (Sewer)
  A scorpion (D:4)
  A water moccasin skeleton (D:4)
  A scorpion zombie (D:4)
  Terence (D:3)
  3 hound zombies (D:4)
  2 hound skeletons (D:4)
  2 river rats (Sewer)
  5 adders
  An ufetubus (D:4)
  3 adder skeletons (D:4)
  An adder zombie (D:4)
  4 worms
  A dart slug (D:2)
  2 orcs (D:3)
  6 bats
  6 endoplasms
  10 giant cockroaches
  4 goblins
  8 hobgoblins
  8 jackals
  6 quokkas
  25 ball pythons
  4 frilled lizards
  4 kobolds
  A quokka skeleton (D:4)
  28 rats
142 creatures vanquished.

Notes
Turn   | Place    | Note
-------+----------+-------------------------------------------
     0 | D:1      | qw the Deep Elf Hunter began the quest for the Orb.
     0 | D:1      | Reached XP level 1. HP: 12/12 MP: 3/3
     0 | D:1      | 0 ||| qw: Version: 0.3-a-9-g12657ce
     0 | D:1      | 0 ||| qw: Game counter: 1709
     0 | D:1      | 0 ||| qw: Always use a shield: true
     0 | D:1      | 0 ||| qw: God list: Okawaru
     0 | D:1      | 0 ||| qw: Allow faded altars: false
     0 | D:1      | 0 ||| qw: Do Orc after D:15 true
     0 | D:1      | 0 ||| qw: Do second Lair branch before Depths: true
     0 | D:1      | 0 ||| qw: Lair rune preference: random
     0 | D:1      | 0 ||| qw: Plans: Normal
     0 | D:1      | 0 ||| PLANNING D:1-11
   127 | D:1      | Reached XP level 2. HP: 16/16 MP: 4/4
   136 | D:1      | Reached skill level 6 in Ranged Weapons
   459 | D:1      | HP: 4/16 [hobgoblin (4)]
   461 | D:1      | Reached XP level 3. HP: 5/20 MP: 5/5
   465 | D:1      | HP: 5/20 [ball python (1)]
   737 | D:1      | 737 ||| UPGRADING to +1 pair of gloves.
   742 | D:1      | 742 ||| UPGRADING to +0 scale mail.
   752 | D:1      | 752 ||| DROPPING +0 leather armour.
   753 | D:1      | 753 ||| UPGRADING to +5 ring of evasion.
   754 | D:1      | 754 ||| READING 3 scrolls labelled VODUDU QUUGU.
   759 | D:1      | 759 ||| READING scroll labelled ZISOIC JEONLEJAL.
   760 | D:1      | 760 ||| READING scroll labelled ZIKHLIZ WAISTOI.
   761 | D:1      | 761 ||| READING scroll labelled XAUCVO QEPTIEN.
   762 | D:1      | 762 ||| DROPPING scroll of butterflies.
   815 | D:2      | Reached skill level 7 in Ranged Weapons
  1189 | D:2      | 1189 ||| UPGRADING to amulet of regeneration.
  1194 | D:2      | 1194 ||| READING scroll labelled PUFIEH SUUS.
  1195 | D:2      | 1195 ||| DRINKING 2 sedimented golden potions.
  1231 | D:2      | 1231 ||| DRINKING 3 emerald potions.
  1232 | D:2      | 1232 ||| DROPPING potion of lignification.
  1253 | D:3      | 1253 ||| PLANNING SEWER
  1257 | D:3      | Reached XP level 4. HP: 25/25 MP: 6/6
  1264 | D:3      | Found a runed translucent door.
  1264 | D:3      | Noticed qw's ghost (amateur GrFi)
  1355 | D:3      | Noticed Sigmund
  1394 | D:3      | HP: 6/25 [something (3)]
  1425 | D:3      | Killed Sigmund
  1426 | D:3      | Reached skill level 9 in Ranged Weapons
  1426 | D:3      | Reached XP level 5. HP: 26/29 MP: 7/7
  1474 | D:3      | Noticed Terence
  1492 | D:3      | Killed Terence
  1546 | D:3      | Reached XP level 6. HP: 28/34 MP: 8/8
  1659 | D:3      | Reached skill level 1 in Armour
  1836 | D:3      | 1836 ||| Stepping ~*~*~tactically~*~*~ (water).
  1844 | D:3      | Found a glowing drain.
  1847 | D:3      | 1847 ||| UPGRADING to +0 pair of boots.
  1852 | D:3      | 1852 ||| READING scroll labelled DIYHUHA CEAH.
  1854 | D:3      | 1854 ||| DRINKING 2 lumpy inky potions.
  1855 | D:3      | 1855 ||| DRINKING 2 dark potions.
  1856 | D:3      | 1856 ||| DROPPING potion of degeneration.
  1862 | Sewer    | Entered a sewer
  1883 | Sewer    | 1883 ||| Stepping ~*~*~tactically~*~*~ (water).
  2012 | Sewer    | 2012 ||| Stepping ~*~*~tactically~*~*~ (water).
  2078 | Sewer    | 2078 ||| Stepping ~*~*~tactically~*~*~ (water).
  2098 | Sewer    | Reached skill level 10 in Ranged Weapons
  2101 | Sewer    | HP: 6/35 [bullfrog (5)]
  2102 | Sewer    | 2102 ||| READING 3 scrolls of teleportation.
  2103 | Sewer    | 2103 ||| DRINKING 4 potions of heal wounds.
  2127 | Sewer    | 2127 ||| READING scroll labelled SOGYT BOS EPPI.
  2128 | Sewer    | 2128 ||| DRINKING 2 lumpy pink potions.
  2129 | Sewer    | 2129 ||| DROPPING potion of brilliance.
  2133 | D:3      | 2133 ||| PLANNING D:1-11
  3166 | D:4      | 3166 ||| STAIRDANCE
  3202 | D:4      | Reached XP level 7. HP: 40/40 MP: 9/9
  3208 | D:4      | 3208 ||| STAIRDANCE
  3249 | D:4      | 3249 ||| STAIRDANCE
  3303 | D:4      | Reached skill level 11 in Ranged Weapons
  4028 | D:4      | 4028 ||| UPGRADING to amulet of faith.
  4038 | D:4      | 4038 ||| UPGRADING to +4 ring of protection.
  4039 | D:4      | 4039 ||| DRINKING 2 red potions.
  4040 | D:4      | 4040 ||| DRINKING 2 bubbling silvery potions.
  4041 | D:4      | 4041 ||| DRINKING 3 potions of curing.
  4041 | D:4      | 4041 ||| (to cure confusion)
  4042 | D:4      | 4042 ||| DROPPING potion of ambrosia.
  4071 | D:5      | Entered Level 5 of the Dungeon
  4089 | D:5      | Found a shadowy altar of Dithmenos.
  4211 | D:5      | 4211 ||| Stepping ~*~*~tactically~*~*~ (outnumbered).
  4222 | D:5      | Reached skill level 12 in Ranged Weapons
  4223 | D:5      | HP: 10/40 [poisoned by a water moccasin]
  4224 | D:5      | 4224 ||| READING 4 scrolls of teleportation.
  4224 | D:5      | Killed from afar by a shadow imp

Levels and vault maps discovered:
D:1:      scummos_arrival_checkerplants, layout_loops_ring
D:2:      layout_rooms
D:3:      layout_loops_ring, ebering_ghost_sewer_d, gup_sewer_entry_pipe,
          nicolae_titane, uniq_terence, uniq_sigmund
D:4:      layout_basic, serial_undead, serial_undead_d, serial_undead_a,
          serial_undead_c, serial_undead_d, palyth_stone_intersect,
          serial_bayou_lagoon_b
D:5:      layout_basic, nicolae_dithmenos_shadow_blocks,
          minmay_temple_entry_slanted, uniq_ijyb

Skill      XL: |  1  2  3  4  5  6  7 |
---------------+----------------------+-----
Ranged Weapons | 6 7 9 10 12 | 12.1
Armour         | 1 |  1.0
Fighting       | 2 |  2.0
Dodging        | |  2.4
Stealth        | |  1.2

Action                     |  1- 3 |  4- 6 |  7- 9 || total
---------------------------+-------+-------+-------++-------
   Fire: Shortbow          |   147 |   231 |   139 ||   517
    Use: Scroll            |     5 |     3 |     1 ||     9
         Potion            |     2 |     4 |     3 ||     9
 Armour: Leather armour    |    18 |       |       ||    18
         Scale mail        |    10 |    82 |    47 ||   139
  Dodge: Dodged            |    58 |   158 |    67 ||   283

Table legend:
 A = Non-vault XP
 B = Vault XP
 C = Vault XP percentage of total XP
 D = Non-vault monster count
 E = Vault monster count
 F = Vault count percentage of total count
                 A         B        C        D         E       F
            +---------+---------+-------+---------+---------+-------
      Total |     397 |     819 |  67.4 |      80 |      62 |  43.7
            +---------+---------+-------+---------+---------+-------
        D:1 |      52 |       0 |   0.0 |      31 |       0 |   0.0
        D:2 |      44 |       0 |   0.0 |      21 |       0 |   0.0
        D:3 |      23 |     285 |  92.5 |      11 |       7 |  38.9
        D:4 |     114 |     229 |  66.8 |      15 |      12 |  44.4
        D:5 |     164 |       0 |   0.0 |       2 |       0 |   0.0
      Sewer |       0 |     305 | 100.0 |       0 |      43 | 100.0
            +---------+---------+-------+---------+---------+-------
